 Dungeon Crawl Stone Soup version 0.26.1-11-gd32895ea62 (webtiles) character file.

Game seed: 1472680818298086686

112695 phalm the Destroyer (level 16, -5/127 HPs)
             Began as a Demonspawn Conjurer on June 19, 2021.
             Was an Initiate of Gozag.
             Killed from afar by Nikola (21 damage)
             ... with a chain lightning
             ... on level 2 of the Swamp on June 20, 2021.
             The game lasted 02:06:28 (42960 turns).

phalm the Destroyer (Demonspawn Conjurer)          Turns: 42960, Time: 02:06:29

Health: -5/127     AC: 18    Str: 17    XL:     16   Next: 12%
Magic:  0/31       EV: 19    Int: 31    God:    Gozag
Gold:   5072       SH:  8    Dex: 12    Spells: 8/37 levels left

rFire    + + .     SeeInvis +   a - +8 whip "Snakebite" {curare, rPois, =f}
rCold    + . .     Faith    .   n - +3 buckler
rNeg     + . .     Spirit   +   Y - +2 robe {rC+}
rPois    +         Reflect  .   Z - +2 hat {Will+}
rElec    .         Harm     .   z - +1 cloak of Starlight {*Dazzle EV+4 Stlth--}
rCorr    .         Rampage  .   q - +2 pair of gloves {Str+3}
Will     ++...                  u - +1 pair of boots
Stlth    +.........             y - amulet of magic regeneration
HPRegen  0.31/turn              o - ring "Pirim" {rF+ Str+3 Stlth+}
MPRegen  0.69/turn              e - ring of Veomot {rPois rN+ AC+4 Str+2 SInv}

@: no status effects
A: hooves 2, fire resistance 1, magic shield, magic regeneration, magic link,
flame cloud immunity, big brain 3
a: Renounce Religion, Potion Petition, Call Merchant, Bribe Branch


You were on level 2 of the Swamp.
You worshipped Gozag.
Gozag was greatly pleased with you.
You visited 4 branches of the dungeon, and saw 25 of its levels.
You also visited: Bailey, Gauntlet and Volcano.

You collected 13223 gold pieces.
You spent 4597 gold pieces at shops.
You paid 3554 gold pieces to Gozag.


Innate Abilities, Weirdness & Mutations

You have hoof-like feet.
Your flesh is heat resistant. (rF+)
When hurt, damage is shared between your health and your magic reserves.
You regenerate magic rapidly.
When low on magic, you restore magic in place of health.
You are immune to clouds of flame.
You have an absolutely massive brain. (Int +6, Wiz)


   Skills:
 + Level 12.0 Fighting
 * Level 4.3 Throwing
 - Level 5.6 Armour
 - Level 6.1 Dodging
 - Level 1.7 Stealth
 * Level 4.5 Shields
 + Level 11.2 Spellcasting
 + Level 12.5 Conjurations
 + Level 7.7 Hexes
 - Level 4.0 Summonings
 - Level 6.0 Translocations
 + Level 6.1 Fire Magic
 - Level 6.0 Ice Magic
 - Level 4.0 Air Magic
 - Level 4.0 Earth Magic
 - Level 4.0 Poison Magic
 + Level 7.6 Evocations


You had 8 spell levels left.
You knew the following spells:

 Your Spells              Type           Power        Failure   Level
c - Call Imp              Summ           42%          1%          2
d - Mephitic Cloud        Conj/Pois/Air  56%          1%          3
e - Cause Fear            Hex            30%          1%          4
f - Conjure Flame         Conj/Fire      66%          1%          3
i - Invisibility          Hex            60%          8%          6
m - Magic Dart            Conj           100%         0%          1
p - Fulminant Prism       Conj/Hex       34%          1%          4
s - Searing Ray           Conj           100%         1%          2
X - Iskenderun's Mystic   Conj/Tloc      66%          1%          4

Your spell library contained the following spells:

 Spells                   Type           Power        Failure   Level
 Apportation              Tloc           100%         1%          1
 Beastly Appendage        Tmut           34%          1%          1
 Corona                   Hex            66%          1%          1
 Foxfire                  Conj/Fire      100%         1%          1
 Blink                    Tloc           N/A          1%          2
 Ensorcelled Hibernation  Hex/Ice        100%         1%          2
 Slow                     Hex            60%          1%          2
 Wereblood                Tmut           17%          1%          2
 Confusing Touch          Hex            60%          1%          3
 Dazzling Flash           Conj/Hex       100%         1%          3
 Inner Flame              Hex/Fire       57%          1%          3
 Lesser Beckoning         Tloc           26%          1%          3
 Portal Projectile        Hex/Tloc       100%         1%          3
 Spider Form              Tmut/Pois      14%          1%          3
 Stone Arrow              Conj/Erth      100%         1%          3
 Tukima's Dance           Hex            60%          1%          3
 Leda's Liquefaction      Hex/Erth       26%          1%          4
 Silence                  Hex/Air        26%          2%          5
 Ice Form                 Ice/Tmut       36%          3%          4
 Yara's Violent Unravell  Hex/Tmut       20%          6%          5
 Orb of Destruction       Conj           38%          6%          7
 Alistair's Intoxication  Tmut/Pois      19%          14%         5
 Blade Hands              Tmut           8%           32%         5
 Discord                  Hex            30%          95%         8
 Ignition                 Fire           27%          99%         8

Inventory:

Hand Weapons
 a - the +8 whip "Snakebite" (weapon) {curare, rPois, =f}
   (You found it on level 4 of the Lair of Beasts)

   It poisons the flesh of those it strikes.
   It protects you from poison.
Missiles
 g - a throwing net {=f!f}
 t - 4 atropa-tipped darts
 F - 3 datura-tipped darts (quivered)
Armour
 n - a +3 buckler (worn)
   (You found it on level 4 of the Lair of Beasts)
 q - a +2 pair of gloves of strength (worn)
   (You bought it in a shop on level 2 of the Lair of Beasts)
 u - a +1 pair of boots (worn)
   (You found it on level 3 of the Lair of Beasts)
 z - the +1 cloak of Starlight (worn) {*Dazzle EV+4 Stlth--}
   (You found it on level 4 of the Dungeon)

   It affects your evasion (+4).
   It makes you much less stealthy.
 Y - a +2 robe of cold resistance (worn)
   (You took it off Josephine on level 10 of the Dungeon)
 Z - a +2 hat of willpower (worn)
   (You acquired it in a bailey)
Jewellery
 e - the ring of Veomot (right hand) {rPois rN+ AC+4 Str+2 SInv}
   (You bought it in a shop on level 1 of the Orcish Mines)

   [ring of protection]

   It affects your AC (+4).
   It affects your strength (+2).
   It protects you from poison.
   It protects you from negative energy.
   It lets you see invisible.
 o - the ring "Pirim" (left hand) {rF+ Str+3 Stlth+}
   (You bought it in a shop on level 2 of the Lair of Beasts)

   [ring of protection from fire]

   It affects your strength (+3).
   It protects you from fire.
   It makes you more stealthy.
 y - an amulet of magic regeneration (around neck)
   (You found it on level 4 of the Dungeon)
 L - an uncursed ring of flight
   (You found it on level 8 of the Dungeon)
Wands
 E - a wand of polymorph (26)
   (You found it on level 1 of the Lair of Beasts)
 P - a wand of flame (22)
   (You took it off a centaur on level 8 of the Dungeon)
 Q - a wand of digging (6)
   (You took it off Maurice on level 8 of the Dungeon)
 U - a wand of paralysis (3)
   (You found it on level 9 of the Dungeon)
 X - a wand of iceblast (31)
   (You found it on level 9 of the Dungeon)
Scrolls
 c - 3 scrolls of fear
 d - 7 scrolls of immolation {!r!r}
 h - 6 scrolls of blinking {!r}
 v - 10 scrolls of remove curse {@r2}
 x - 5 scrolls of teleportation {@r4}
 D - 5 scrolls of summoning
 N - 5 scrolls of fog {unknown}
 W - 4 scrolls of magic mapping {!r}
Potions
 b - 2 potions of invisibility
 f - 6 potions of might
 i - 4 potions of magic
 l - 8 potions of curing {@q1}
 p - 6 potions of heal wounds {@q2}
 r - 3 potions of haste {@q3}
 s - 7 potions of flight
 H - a potion of cancellation
 I - 4 potions of lignification {!q}
 J - 7 potions of brilliance
 K - 3 potions of resistance {unknown}
 T - 2 potions of attraction {unknown}
 V - 4 potions of ambrosia {unknown}
Miscellaneous
 j - a condenser vane
   (You found it on level 6 of the Lair of Beasts)
 k - a phantom mirror
   (You found it on level 6 of the Lair of Beasts)

Dungeon Overview and Level Annotations

Branches:
Dungeon (15/15)            Temple (0/1) D:5            Lair (6/6) D:9
  Swamp (2/4) Lair:3       Spider (0/4) Lair:3        Slime (0/5) Lair:6
    Orc (2/2) D:10            Elf (0/3) Orc:2        Vaults (0/5) D:13
 Depths (0/5) D:15         Bailey (visited)         Volcano (visited)
Gauntlet (visited)

Altars:
Cheibriados
Fedhas
Gozag
Hepliaklqana
Kikubaaqudgha
Okawaru
Qazlal
Ru
Sif Muna
Xom
Yredelemnul
Zin
Jiyva

Shops:
D:11 !   Orc:1 (!=   Orc:2 **?(   Lair:2 =[[[

Annotations:
D:3 1 runed translucent door
Swamp:2 Nikola

♣.≈.
♣..♣
♣..♣
♣.≈♣♣
≈≈§♣
♣≈°♣
♣≈≈♣
♣@.♣
♣♣§♣
♣@♣
♣♣§
.♣ .♣
♣. .
♣.


You could see Nikola.


Message History

😕 HP[+1] MP[-2]
You lost 2 mp, and now have 27/31 mp.
The searing ray hits Nikola!
Nikola is engulfed in noxious fumes.
The searing ray hits Nikola!
Nikola seems less confused.
The searing ray misses Nikola.
You finish channeling your searing ray.
Nikola is engulfed in noxious fumes.
Nikola mumbles some strange words.
Nikola blinks! 😕 MP[-1]
You lost 1 mp, and now have 26/31 mp.
Search for what [Enter for "hand cross", or ? for help]? rele
Casting: Searing Ray (safe; 1% risk of failure)
Confirm with . or Enter, or press ? or * to list all spells.
You can't see any susceptible monsters within range! (Use Z to cast anyway.)
Casting: Searing Ray (safe; 1% risk of failure)
Confirm with . or Enter, or press ? or * to list all spells.
You can't see any susceptible monsters within range! (Use Z to cast anyway.)
Casting: Searing Ray (safe; 1% risk of failure)
Confirm with . or Enter, or press ? or * to list all spells.
Aiming: Magic Dart (safe; 0% risk of failure)
Press: ? - help, Shift-Dir - straight line, f/p - Nikola
Aim: Nikola, wielding a +2 rapier of electrocution, wearing a +0 cloak and wearing a +0 pair of gloves (moderately wounded, 0% to evade)
The magic dart hits Nikola. 😎 HP[+1]
Your hp is fully restored (127).
Casting: Magic Dart (safe; 0% risk of failure)
Confirm with . or Enter, or press ? or * to list all spells.
Aiming: Mephitic Cloud (safe; 1% risk of failure)
Press: ? - help, Shift-Dir - straight line, f/p - Nikola
Aim: Nikola, wielding a +2 rapier of electrocution, wearing a +0 cloak and wearing a +0 pair of gloves (moderately wounded)
The ball explodes into a vile cloud!
The stinking cloud engulfs Nikola but does no damage.
Nikola is engulfed in noxious fumes.
Nikola appears confused.
Nikola is engulfed in noxious fumes. 😎 MP[-2]
You lost 2 mp, and now have 24/31 mp.
Casting: Mephitic Cloud (safe; 1% risk of failure)
Confirm with . or Enter, or press ? or * to list all spells.
Aiming: Searing Ray (safe; 1% risk of failure)
Press: ? - help, Shift-Dir - straight line, f/p - Nikola
Aim: Nikola, wielding a +2 rapier of electrocution, wearing a +0 cloak and wearing a +0 pair of gloves (moderately wounded, confused, 4% to evade)
The searing ray hits Nikola. (Press . to maintain the ray.) 😎 MP[-1]
You lost 1 mp, and now have 23/31 mp.
The searing ray hits Nikola! 😎 MP[-1]
You lost 1 mp, and now have 22/31 mp.
The searing ray hits Nikola!
The searing ray misses Nikola.
You finish channeling your searing ray.
Nikola seems less confused.
You block Nikola's attack.
Casting: Searing Ray (safe; 1% risk of failure)
Confirm with . or Enter, or press ? or * to list all spells.
Aiming: Searing Ray (safe; 1% risk of failure)
Press: ? - help, Shift-Dir - straight line, f/p - Nikola
Aim: Nikola, wielding a +2 rapier of electrocution, wearing a +0 cloak and wearing a +0 pair of gloves (heavily wounded, 15% to evade)
The searing ray hits Nikola. (Press . to maintain the ray.) Nikola gestures at you while chanting.
The bolt of lightning misses you.
The tree smoulders and burns. 😎 MP[-1]
You lost 1 mp, and now have 21/31 mp.
The searing ray hits Nikola!
Nikola points at you and mumbles some strange words.
The zap misses you.
The searing ray hits Nikola!
Nikola casts a spell.
You hear a mighty clap of thunder!
The lightning arc hits you!!
The lightning arc hits Nikola!
The lightning arc hits you!!
The lightning arc hits Nikola.
The lightning arc hits you!!
* * * LOW HITPOINT WARNING * * *
You hear a roar! x2; You hear a shout! 😨 HP[-75] MP[-13]
You take 75 damage, and now have 52/127 hp.
MASSIVE DAMAGE!! (PAUSE)
You lost 13 mp, and now have 8/31 mp.
Casting: Searing Ray (safe; 1% risk of failure)
Confirm with . or Enter, or press ? or * to list all spells.
Aiming: Mephitic Cloud (safe; 1% risk of failure)
Press: ? - help, Shift-Dir - straight line, f/p - Nikola
Aim: Nikola, wielding a +2 rapier of electrocution, wearing a +0 cloak and wearing a +0 pair of gloves (severely wounded)
The ball explodes into a vile cloud!
The stinking cloud engulfs Nikola but does no damage.
The stinking cloud engulfs you but does no damage.
Nikola is engulfed in noxious fumes.
Nikola points at you and mumbles some strange words.
The bolt of lightning misses you.
The tree smoulders and burns. 😨 MP[-2]
You lost 2 mp, and now have 6/31 mp.
Nikola is engulfed in noxious fumes.
Nikola gestures wildly while chanting.
You hear a mighty clap of thunder!
The lightning arc hits you!!
* * * LOW HITPOINT WARNING * * *
The lightning arc hits Nikola!
The lightning arc hits you!
* * * LOW HITPOINT WARNING * * *
The lightning arc hits Nikola!
The lightning arc hits you!!
You die...
Your body crumbles into a pile of gold.

Skill      XL: |  1  2  3  4  5  6  7  8  9 10 11 12 13 14 15 16 |
---------------+-------------------------------------------------+-----
Fighting       | 1 2 3 5 6 7 9 10 11 12 | 12.0
Summonings     | 1 2 3 4 |  4.0
Fire Magic     | 1 2 3 4 6 |  6.1
Conjurations   | 5 7 8 10 11 12 | 12.5
Spellcasting   | 3 5 6 7 8 9 10 11 | 11.2
Poison Magic   | 4 |  4.0
Air Magic      | 3 4 |  4.0
Translocations | 2 5 6 |  6.0
Hexes          | 1 4 5 7 |  7.7
Dodging        | 4 5 6 |  6.1
Armour         | 3 5 |  5.6
Evocations     | 3 6 7 |  7.6
Ice Magic      | 4 5 6 |  6.0
Shields        | 4 |  4.5
Earth Magic    | 1 4 |  4.0
Throwing       | 1 3 4 |  4.3
Stealth        | |  1.7

Action                   |  1- 3 |  4- 6 |  7- 9 | 10-12 | 13-15 | 16-18 || total
-------------------------+-------+-------+-------+-------+-------+-------++-------
Melee: Dagger            |       |    18 |       |       |       |       ||    18
       Kick              |       |     2 |       |       |       |       ||     2
       Quarterstaff      |       |       |    18 |    75 |    78 |       ||   171
       Whip              |       |       |       |       |    30 |       ||    30
 Fire: Shortbow          |       |     6 |    31 |       |       |       ||    37
       Longbow           |       |       |       |     8 |       |       ||     8
Throw: Dart              |       |     6 |    41 |   156 |   302 |     2 ||   507
       Boomerang         |       |       |       |       |     3 |       ||     3
       Javelin           |       |       |       |       |     1 |       ||     1
 Cast: Magic Dart        |    74 |    74 |    70 |   118 |   267 |    11 ||   614
       Searing Ray       |     2 |    11 |    58 |   135 |   392 |    23 ||   621
       Call Imp          |       |     4 |    15 |    26 |    13 |       ||    58
       Conjure Flame     |       |       |     9 |     3 |     3 |       ||    15
       Iskenderun's Myst |       |       |     1 |    20 |   105 |    11 ||   137
       Mephitic Cloud    |       |       |       |    35 |    69 |     3 ||   107
       Fulminant Prism   |       |       |       |    16 |     8 |     1 ||    25
       Invisibility      |       |       |       |       |       |     2 ||     2
Invok: Call Merchant     |       |       |       |       |     4 |       ||     4
Evoke: Wand              |       |     4 |     1 |     7 |    18 |     5 ||    35
  Use: Scroll            |       |       |     7 |     4 |    32 |       ||    43
       Potion            |       |       |     1 |       |     3 |       ||     4
 Stab: Invisible         |       |       |     1 |     1 |     7 |       ||     9
       Confused          |       |       |       |     2 |     6 |       ||     8
       Distracted        |       |       |       |       |     1 |       ||     1
Armor: Robe              |     2 |    15 |    10 |    88 |    68 |     7 ||   190
       Leather armour    |       |       |       |       |   112 |       ||   112
Dodge: Dodged            |     1 |    20 |    80 |   292 |   599 |    30 ||  1022
Block: Buckler           |       |       |       |       |   104 |    11 ||   115

Levels and vault maps discovered:
D:1:      dpeg_arrival_houses_and_road, layout_loops_ring
D:2:      layout_loops_corners, regret_index_temple_of_mockery,
          gammafunk_temple_overflow_elements, uniq_crazy_yiuf_cottage
D:3:      layout_loops_ring, kennysheep_okawaru_gauntlet,
          grunt_decor_one_mirror, lemuel_angel_altar
D:4:      layout_loops_ring, nicolae_gozag_cash_rules_everything_around_me,
          kennysheep_little_box, kennysheep_generic_room_11, uniq_ijyb,
          uniq_eustachio
D:5:      layout_basic, nicolae_ru_great_annihilating_truth, slow_altar_1,
          temple_hall, basic_altar, ebering_ghost_sewer_d, uniq_menkaure,
          uniq_blork_the_orc, uniq_edmund
D:6:      layout_loops_cross, marbit_many_paths, uniq_sigmund
D:7:      layout_basic, uniq_maggie, uniq_prince_ribbit1
D:8:      layout_cave_pools, grunt_temple_overflow_growth_and_decay, serial_ice,
          serial_ice_c, serial_ice_b, serial_ice_m, serial_ice_g,
          minmay_misc_feat_nine_boxes, uniq_grum, uniq_maurice, uniq_erica
D:9:      layout_cave_pools, dpeg_oklobed_lair, uniq_psyche, uniq_joseph,
          uniq_harold
D:10:     layout_loops_ring, erik_orc_3, uniq_josephine
D:11:     layout_gridville, serial_shops, shop, uniq_sonja
D:12:     layout_cave_pools, enter_bailey_5, small_chamber_with_monster,
          minivault_16
D:13:     layout_irregular_city, david_vaults_4, gauntlet_entry_generic,
          hangedman_little_slice_of_home
D:14:     layout_gridville, grunt_decor_cap, feat_on_display
D:15:     grunt_enter_depths_snipers, layout_rooms,
          chequers_serial_rivers_small_b
Lair:1:   layout_regular_city, serial_bayou_shore_b, minmay_lair_oklob_chamber,
          infiniplex_staircase_pool_2
Lair:2:   layout_small_grid, enter_volcano_3
Lair:3:   layout_chaotic_city, palyth_hydra_swamp_entry,
          spider_nest_entry_web_field
Lair:4:   minmay_guarded_unrand_snakebite, layout_cave_pods,
          serial_bayou_shore_b
Lair:5:   layout_cave_pods, serial_bayou_shore_b, grunt_megastairs_4
Lair:6:   gammafunk_lair_ancient_temple, layout_regular_city,
          minmay_slime_entry_eyes, serial_rivers, chequers_serial_rivers_room_b,
          chequers_serial_rivers_micro_c, chequers_serial_rivers_room_b,
          chequers_serial_rivers_micro_e, chequers_serial_rivers_marsh,
          chequers_serial_rivers_micro_e
Swamp:1:  layout_basic_swamp, hangedman_swamp_cone
Swamp:2:  layout_falls_marsh, nicolae_swamp_feature_on_the_river_bank,
          uniq_nikola
Orc:1:    layout_caves, serial_shops, shop_statue, nicolae_shop_behind_doors,
          nicolae_shop_statue_plus
Orc:2:    st_orc_pillars, layout_diamond_mine, elves_outpost_lemuel

Notes
Turn   | Place    | Note
-------+----------+-------------------------------------------
     0 | D:1      | phalm the Demonspawn Conjurer began the quest for the Orb.
     0 | D:1      | Reached XP level 1. HP: 13/13 MP: 3/3
     0 | D:1      | magus.rc [v1.9.10]
   162 | D:1      | Gained mutation: You have large cloven feet. [demonic
                  | ancestry]
   162 | D:1      | Reached XP level 2. HP: 20/20 MP: 3/5
   165 | D:1      | Learned a level 2 spell: Searing Ray
   539 | D:1      | Reached skill level 1 in Fighting
   747 | D:1      | Gained mutation: Your flesh is heat resistant. (rF+)
                  | [demonic ancestry]
   747 | D:1      | Reached XP level 3. HP: 26/26 MP: 0/6
  1411 | D:2      | You pick up a book of Minor Magic and begin reading...
  1411 | D:2      | You add the spells Blink, Call Imp, Slow, Conjure Flame and
                  | Mephitic Cloud to your library.
  1445 | D:2      | Learned a level 2 spell: Call Imp
  1713 | D:2      | Found a runed translucent door.
  1714 | D:2      | Noticed Crazy Yiuf
  2021 | D:2      | Found a shimmering blue altar of Sif Muna.
  2021 | D:2      | Found a glowing silver altar of Zin.
  2083 | D:2      | Gained mutation: You are immune to clouds of flame.
                  | [demonic ancestry]
  2083 | D:2      | Reached XP level 4. HP: 32/32 MP: 2/7
  2089 | D:2      | Learned a level 3 spell: Conjure Flame
  2195 | D:2      | Found a shimmering altar of Xom.
  2196 | D:2      | Found a hazy altar of Hepliaklqana.
  2197 | D:2      | Noticed a spectral ugly thing
  2236 | D:2      | Reached skill level 1 in Summonings
  2615 | D:2      | Killed Crazy Yiuf
  3136 | D:3      | Found a runed translucent door.
  3136 | D:3      | Found a glowing silver altar of Zin.
  3136 | D:3      | Noticed an angel
  3311 | D:3      | Reached skill level 1 in Fire Magic
  3325 | D:3      | Reached XP level 5. HP: 31/38 MP: 0/9
  3433 | D:3      | Found an iron altar of Okawaru.
  3440 | D:3      | Reached skill level 5 in Conjurations
  3838 | D:3      | Noticed a sky beast
  4040 | D:3      | HP: 6/38 [sky beast (6)]
  4041 | D:3      | Killed a sky beast
  4042 | D:3      | Reached skill level 2 in Fighting
  4042 | D:3      | Reached skill level 3 in Spellcasting
  4042 | D:3      | Reached skill level 2 in Summonings
  4344 | D:4      | Noticed Eustachio
  4377 | D:4      | You pick up a book of Changes and begin reading...
  4377 | D:4      | You add the spells Beastly Appendage, Wereblood, Spider
                  | Form, Ice Form and Blade Hands to your library.
  4381 | D:4      | Reached XP level 6. HP: 35/44 MP: 1/10
  4537 | D:4      | Found an opulent altar of Gozag.
  4544 | D:4      | Became a worshipper of Gozag Ym Sagoz the Greedy
  4562 | D:4      | Reached skill level 2 in Fire Magic
  4597 | D:4      | Killed Eustachio
  4744 | D:4      | Reached skill level 3 in Summonings
  4862 | D:4      | Found the +1 cloak of Starlight {*Dazzle EV+4 Stlth--}
  4904 | D:4      | Found a basalt altar of Yredelemnul.
  4920 | D:4      | Reached XP level 7. HP: 51/51 MP: 7/11
  5179 | D:4      | Reached skill level 3 in Fire Magic
  5250 | D:4      | Noticed Ijyb
  5259 | D:4      | Killed Ijyb
  5260 | D:4      | Reached skill level 3 in Fighting
  5442 | D:4      | Reached skill level 4 in Summonings
  5665 | D:5      | Entered Level 5 of the Dungeon
  5674 | D:5      | Found an opulent altar of Gozag.
  5728 | D:5      | Noticed Blork the orc
  5756 | D:5      | Killed Blork the orc
  5940 | D:5      | Found a snail-covered altar of Cheibriados.
  6072 | D:5      | Found a sacrificial altar of Ru.
  6090 | D:5      | Gained mutation: When hurt, damage is shared between your
                  | health and your magic reserves. [demonic ancestry]
  6090 | D:5      | Reached XP level 8. HP: 58/58 MP: 10/13
  6128 | D:5      | Noticed Edmund
  6153 | D:5      | Killed Edmund
  6154 | D:5      | Reached skill level 4 in Spellcasting
  6154 | D:5      | Reached skill level 6 in Conjurations
  6154 | D:5      | Reached skill level 4 in Fire Magic
  6428 | D:5      | Found a runed translucent door.
  6434 | D:5      | Noticed Menkaure
  6442 | D:5      | Killed Menkaure
  6443 | D:5      | Reached skill level 4 in Fighting
  6564 | D:5      | Noticed oc3rt's ghost (amateur KoHu)
  6585 | D:5      | Got a warped quarterstaff
  6586 | D:5      | Identified the +4 quarterstaff "Hainixt" {vorpal, rPois rF+
                  | rN+ Str+4} (You found it on level 5 of the Dungeon)
  6602 | D:5      | Killed oc3rt's ghost
  6811 | D:5      | Found a staircase to the Ecumenical Temple.
  6927 | D:6      | Reached skill level 5 in Fighting
  7002 | D:6      | Reached skill level 5 in Spellcasting
  7137 | D:6      | Reached skill level 7 in Conjurations
  7184 | D:6      | Learned a level 3 spell: Mephitic Cloud
  7189 | D:6      | Learned a level 4 spell: Iskenderun's Mystic Blast
  7372 | D:6      | Reached XP level 9. HP: 68/68 MP: 12/16
  7490 | D:6      | Reached skill level 1 in Poison Magic
  7501 | D:6      | Reached skill level 1 in Air Magic
  7566 | D:6      | You pick up a book of Debilitation and begin reading...
  7566 | D:6      | You add the spells Corona, Inner Flame, Portal Projectile,
                  | Cause Fear and Leda's Liquefaction to your library.
  7706 | D:6      | Reached skill level 1 in Translocations
  7851 | D:6      | Noticed Sigmund
  7854 | D:6      | Killed Sigmund
  7855 | D:6      | Reached skill level 2 in Air Magic
  7855 | D:6      | Reached skill level 2 in Poison Magic
  7874 | D:6      | Found a stormy altar of Qazlal.
  8417 | D:7      | Reached skill level 3 in Poison Magic
  8568 | D:7      | Noticed Prince Ribbit
  8576 | D:7      | Reached skill level 3 in Air Magic
  8596 | D:7      | Reached skill level 2 in Translocations
  8601 | D:7      | Killed Prince Ribbit
  8602 | D:7      | Reached skill level 6 in Fighting
  8799 | D:7      | Noticed Maggie
  8821 | D:7      | Killed Maggie
  9080 | D:7      | Noticed a brown ugly thing
  9093 | D:7      | HP: 16/69 [acid (9)]
  9098 | D:7      | Killed a brown ugly thing
  9099 | D:7      | Reached skill level 6 in Spellcasting
  9099 | D:7      | Reached skill level 4 in Poison Magic
  9099 | D:7      | Gained mutation: You have an unusually large brain. (Int
                  | +2) [demonic ancestry]
  9099 | D:7      | Reached XP level 10. HP: 19/76 MP: 2/19
  9641 | D:8      | Found an ancient bone altar of Kikubaaqudgha.
  9749 | D:8      | Reached skill level 3 in Translocations
  9749 | D:8      | Reached skill level 4 in Air Magic
  9982 | D:8      | Noticed Erica
 10039 | D:8      | Killed Erica
 10040 | D:8      | Reached skill level 8 in Conjurations
 10288 | D:8      | Reached skill level 4 in Translocations
 10483 | D:8      | Noticed Maurice
 10491 | D:8      | Noticed Grum
 10535 | D:8      | Killed Maurice
 10554 | D:8      | Reached skill level 7 in Fighting
 10585 | D:8      | Killed Grum
 10591 | D:8      | Learned a level 4 spell: Fulminant Prism
 10986 | D:8      | Found a blossoming altar of Fedhas.
 11101 | D:9      | Noticed Psyche
 11123 | D:9      | Killed Psyche
 11124 | D:9      | Reached skill level 5 in Translocations
 11194 | D:9      | Noticed Joseph
 11210 | D:9      | Killed Joseph
 11211 | D:9      | Reached skill level 7 in Spellcasting
 11218 | D:9      | Noticed Harold
 11635 | D:9      | Reached skill level 1 in Hexes
 11635 | D:9      | Gained mutation: You have an extremely huge brain. (Int +4)
                  | [demonic ancestry]
 11635 | D:9      | Reached XP level 11. HP: 84/84 MP: 15/21
 11830 | D:9      | Found a staircase to the Lair.
 11881 | D:9      | Killed Harold
 11882 | D:9      | Reached skill level 2 in Hexes
 12303 | D:10     | Entered Level 10 of the Dungeon
 12308 | D:10     | Noticed Josephine
 12321 | D:10     | Reached skill level 6 in Translocations
 12330 | D:10     | Killed Josephine
 12331 | D:10     | Reached skill level 9 in Conjurations
 12331 | D:10     | Reached skill level 3 in Hexes
 13053 | D:10     | Reached skill level 8 in Fighting
 13162 | D:10     | Reached skill level 4 in Hexes
 13221 | D:10     | Found a staircase to the Orcish Mines.
 13676 | D:10     | Got a faintly humming robe
 13687 | D:10     | Identified the +2 robe "Vigozo" {rPois rCorr Slay-6} (You
                  | found it on level 10 of the Dungeon)
 13999 | Lair:1   | Entered Level 1 of the Lair of Beasts
 13999 | Lair:1   | Noticed a six-headed hydra
 14004 | Lair:1   | Killed a six-headed hydra
 14017 | Lair:1   | Noticed a four-headed hydra
 14022 | Lair:1   | Killed a four-headed hydra
 14023 | Lair:1   | Reached skill level 8 in Spellcasting
 14192 | Lair:1   | Noticed a seven-headed hydra
 14203 | Lair:1   | Killed a seven-headed hydra
 14281 | Lair:1   | Noticed a seven-headed hydra
 14534 | Lair:1   | Killed a seven-headed hydra
 14535 | Lair:1   | Reached skill level 9 in Fighting
 14535 | Lair:1   | Reached skill level 10 in Conjurations
 14640 | Lair:1   | Gained mutation: You have an absolutely massive brain. (Int
                  | +6, Wiz) [demonic ancestry]
 14640 | Lair:1   | Reached XP level 12. HP: 95/95 MP: 20/24
 14828 | Lair:1   | Reached skill level 2 in Dodging
 15018 | Lair:1   | Reached skill level 1 in Armour
 15281 | Lair:2   | Found a dark tunnel.
 15348 | Volcano  | Entered a volcano
 15627 | Volcano  | Found a radiant altar of Vehumet.
 15627 | Volcano  | Noticed a hell hog
 15633 | Volcano  | Reached skill level 2 in Armour
 15638 | Volcano  | Killed a hell hog
 15639 | Volcano  | Reached skill level 3 in Dodging
 15639 | Volcano  | Reached skill level 9 in Spellcasting
 16396 | Lair:2   | Reached skill level 1 in Evocations
 16743 | Lair:2   | Reached skill level 3 in Armour
 16875 | Lair:2   | Reached skill level 2 in Evocations
 17048 | Lair:2   | Noticed a five-headed hydra
 17060 | Lair:2   | Killed a five-headed hydra
 17359 | Lair:2   | Reached skill level 3 in Evocations
 17947 | Lair:3   | Reached skill level 4 in Dodging
 17970 | Lair:3   | Reached skill level 10 in Fighting
 18027 | Lair:3   | Noticed a six-headed hydra
 18033 | Lair:3   | Noticed a seven-headed hydra
 18038 | Lair:3   | Killed a six-headed hydra
 18195 | Lair:3   | Killed a seven-headed hydra
 18335 | Lair:3   | Reached XP level 13. HP: 70/103 MP: 9/26
 18512 | Lair:3   | Reached skill level 4 in Evocations
 18616 | Lair:3   | Reached skill level 11 in Conjurations
 18873 | Lair:3   | Reached skill level 1 in Ice Magic
 18883 | Lair:3   | Reached skill level 4 in Armour
 19275 | Lair:3   | Found a hole to the Spider Nest.
 19689 | Lair:3   | Found a staircase to the Swamp.
 19986 | Lair:4   | Reached skill level 2 in Ice Magic
 20089 | Lair:4   | Reached skill level 5 in Evocations
 20796 | Lair:4   | You pick up a book of Maledictions and begin reading...
 20796 | Lair:4   | You add the spells Ensorcelled Hibernation, Confusing Touch
                  | and Tukima's Dance to your library.
 20880 | Lair:4   | Reached skill level 3 in Ice Magic
 20939 | Lair:4   | Reached skill level 5 in Dodging
 21315 | Lair:4   | Found the +8 whip "Snakebite" {curare, rPois}
 22113 | Lair:5   | Reached skill level 4 in Ice Magic
 22113 | Lair:5   | Reached skill level 6 in Evocations
 22181 | Lair:5   | Reached skill level 10 in Spellcasting
 22602 | Lair:5   | Reached skill level 5 in Armour
 22621 | Lair:5   | Gained mutation: You have hoof-like feet. [demonic
                  | ancestry]
 22621 | Lair:5   | Reached XP level 14. HP: 90/111 MP: 2/28
 23215 | Lair:6   | Entered Level 6 of the Lair of Beasts
 24666 | Lair:6   | Reached skill level 1 in Shields
 24738 | Lair:6   | Reached skill level 5 in Ice Magic
 24761 | Lair:6   | Reached skill level 7 in Evocations
 24777 | Lair:6   | Reached skill level 5 in Hexes
 25587 | Lair:6   | Identified the cursed +0 leather armour of the Orange Skies
                  | {Harm Will+ Int+7 Dex-3} (You found it on level 6 of the
                  | Lair of Beasts)
 25609 | Lair:6   | You pick up a book of Party Tricks and begin reading...
 25609 | Lair:6   | You add the spells Apportation, Lesser Beckoning,
                  | Alistair's Intoxication and Invisibility to your library.
 25716 | Lair:6   | Found a staircase to the Slime Pits.
 25758 | Lair:6   | Reached skill level 2 in Shields
 26695 | Orc:1    | Entered Level 1 of the Orcish Mines
 26787 | Orc:1    | Paralysed by an orc sorcerer for 5 turns
 27091 | Orc:1    | Reached skill level 11 in Fighting
 27182 | Orc:1    | Found Qoffueb's Distillery.
 27182 | Orc:1    | Found Beoleic's Weapon Boutique.
 27264 | Orc:1    | Found Bohattad's Jewellery Boutique.
 27274 | Orc:1    | Bought the ring of Veomot {rPois rN+ AC+4 Str+2 SInv} for
                  | 777 gold pieces
 27315 | Orc:1    | Reached skill level 6 in Dodging
 28108 | Orc:2    | Entered Level 2 of the Orcish Mines
 28330 | Orc:2    | HP: 20/113 [orc knight/+0 bardiche (34)]
 29877 | Orc:2    | Reached skill level 3 in Shields
 30493 | Orc:2    | Reached skill level 1 in Earth Magic
 30779 | Orc:2    | Found Berph's Magic Scroll Shop.
 30782 | Orc:2    | Found Kyxef's Assorted Antiques.
 30783 | Orc:2    | Found Qoughoiq's General Store.
 30784 | Orc:2    | Found Fivufuf's Weapon Shop.
 30794 | Orc:2    | Bought a scroll of acquirement for 572 gold pieces
 30794 | Orc:2    | Acquired 662 gold pieces
 30795 | Orc:2    | Acquired 933 gold pieces
 30796 | Orc:2    | Acquired 928 gold pieces
 30797 | Orc:2    | Acquired 1049 gold pieces
 30961 | Orc:2    | Reached skill level 4 in Shields
 30980 | Orc:2    | HP: 14/113 [deep elf mage/bolt of lightning (35)]
 31438 | Orc:2    | Reached skill level 1 in Throwing
 31739 | Orc:2    | Found a staircase to the Elven Halls.
 31992 | Orc:2    | Bought a dented citrine amulet for 150 gold pieces
 32019 | Orc:2    | Bought a blue potion for 27 gold pieces
 32155 | Lair:2   | Bought a +2 pair of gloves of strength for 279 gold pieces
 32173 | Lair:2   | Learned a level 4 spell: Cause Fear
 32180 | Lair:2   | Learned a level 6 spell: Invisibility
 32183 | Lair:2   | Bought the ring "Pirim" {rF+ Str+3 Stlth+} for 657 gold
                  | pieces
 32188 | Lair:2   | Bought a masterwork leather armour for 217 gold pieces
 32188 | Lair:2   | Bought a tattered robe for 176 gold pieces
 32199 | Lair:2   | Identified the +2 leather armour of Elitism {rPois Regen+
                  | Str-4 Dex+3} (You bought it in a shop on level 2 of the
                  | Lair of Beasts)
 32209 | Lair:2   | Identified the +0 robe of Fortitude {Rampage rN++ MP-9
                  | SInv} (You bought it in a shop on level 2 of the Lair of
                  | Beasts)
 32450 | D:11     | Found Cintopiu's Distillery.
 32457 | D:11     | Noticed Sonja
 32465 | D:11     | Killed Sonja
 32927 | D:12     | Gained mutation: You regenerate magic rapidly. [demonic
                  | ancestry]
 32927 | D:12     | Reached XP level 15. HP: 92/119 MP: 16/29
 32978 | D:12     | Found a flagged portal.
 33000 | Bailey   | Entered a bailey
 33083 | Bailey   | Reached skill level 2 in Earth Magic
 33267 | Bailey   | HP: 26/119 [orc knight/+0 glaive (26)]
 33275 | Bailey   | Reached skill level 12 in Conjurations
 33702 | Bailey   | Acquired a +2 hat of willpower
 33713 | Bailey   | Acquired the +0 hat "Vauseb" {rElec rPois rC+}
 33823 | D:12     | Reached skill level 6 in Ice Magic
 34584 | D:12     | Identified the Handbook of Objectivity
 34585 | D:12     | You add the spells Foxfire, Stone Arrow, Orb of Destruction
                  | and Ignition to your library.
 34701 | D:13     | Reached skill level 2 in Throwing
 34704 | D:13     | Found a gate leading to a gauntlet.
 34826 | D:13     | Found a gate to the Vaults.
 35009 | Gauntlet | Entered a Gauntlet
 35009 | Gauntlet | Found a transporter.
 35018 | Gauntlet | Found a transporter.
 35030 | Gauntlet | Found a transporter.
 35037 | Gauntlet | Found a transporter.
 35037 | Gauntlet | Found a transporter.
 35040 | Gauntlet | Found a transporter.
 35043 | Gauntlet | Found a transporter.
 35072 | Gauntlet | Found a transporter.
 35110 | Gauntlet | Found a transporter.
 35126 | Gauntlet | Found a transporter.
 35127 | Gauntlet | Found a transporter.
 35136 | Gauntlet | Found a transporter.
 35272 | Gauntlet | Reached skill level 6 in Hexes
 35644 | Gauntlet | Got a faintly glowing amethyst amulet
 35655 | Gauntlet | Identified the amulet "Hitor" {Spirit rPois Str+3} (You
                  | found it in a Gauntlet)
 35718 | Gauntlet | HP: 28/119 [poisoned by a minotaur]
 36097 | Gauntlet | You pick up a book of Hexes and begin reading...
 36097 | Gauntlet | You add the spells Yara's Violent Unravelling, Silence and
                  | Discord to your library.
 36762 | D:13     | Found a viscous altar of Jiyva.
 37163 | D:13     | Reached skill level 3 in Earth Magic
 37808 | D:14     | Reached skill level 5 in Fire Magic
 38318 | D:14     | Reached skill level 3 in Throwing
 38583 | D:14     | Reached skill level 11 in Spellcasting
 38614 | D:14     | You pick up a book of Debilitation and begin reading...
 39079 | D:15     | Entered Level 15 of the Dungeon
 39185 | D:15     | Reached skill level 7 in Hexes
 39858 | D:15     | Found a staircase to the Depths.
 39858 | D:15     | Noticed a frost giant
 39866 | D:15     | HP: 14/120 [frost giant/bolt of cold (40)]
 39869 | D:15     | Killed a frost giant
 40658 | D:15     | Reached skill level 4 in Earth Magic
 41044 | Orc:2    | Bought a scroll of identify for 22 gold pieces
 41044 | Orc:2    | Bought a scroll of identify for 22 gold pieces
 41044 | Orc:2    | Bought a scroll of identify for 22 gold pieces
 41049 | Orc:2    | Bought a scroll of identify for 60 gold pieces
 41049 | Orc:2    | Bought a scroll of identify for 60 gold pieces
 41188 | Lair:2   | Bought the +18 shield of the Gong {rElec rN+ Will+ EV-5}
                  | for 1556 gold pieces
 41188 | Lair:2   | Found the +18 shield of the Gong {rElec rN+ Will+ EV-5}
 41315 | Swamp:1  | Entered Level 1 of the Swamp
 41509 | Swamp:1  | Reached skill level 6 in Fire Magic
 41912 | Swamp:1  | Gained mutation: When low on magic, you restore magic in
                  | place of health. [demonic ancestry]
 41912 | Swamp:1  | Reached XP level 16. HP: 62/127 MP: 2/31
 42218 | Swamp:1  | Reached skill level 12 in Fighting
 42230 | Swamp:1  | Reached skill level 4 in Throwing
 42941 | Swamp:2  | Noticed Nikola
 42960 | Swamp:2  | HP: 31/127 [Nikola/chain lightning (21)]
 42960 | Swamp:2  | Killed from afar by Nikola

Vanquished Creatures
  A frost giant (D:15)
  A minotaur (Gauntlet)
  An entropy weaver (Gauntlet)
  An ettin (Orc:1)
  Josephine (D:10)
  3 eleionomae (Swamp:1)
  16 hydras
  3 boulder beetles (D:15)
  A merfolk avatar (Lair:6)
  A catoblepas (D:13)
  Harold (D:9)
  4 centaur warriors
  Erica (D:8)
  An alligator (Swamp:1)
  2 tengu warriors (D:15)
  A hell hog (Volcano)
  3 death yaks (Lair:4)
  5 orc high priests (Orc:2)
  Sonja (D:11)
  An iron troll (D:13)
  A fire crab (Volcano)
  A goliath frog (Swamp:1)
  2 wizards (Gauntlet)
  2 unseen horrors
  A swamp dragon (Swamp:1)
  8 orc knights
  3 oklob plants
  2 will-o-the-wisps (Swamp:1)
  2 orc sorcerers (Orc:1)
  A salamander (shapeshifter) (D:14)
  9 deep elf magi (Orc:2)
  4 manticores
  12 ugly things
  5 cyclopes
  Maurice (D:8)
  18 elephants
  2 torpor snails
  2 molten gargoyles (Volcano)
  An eye of devastation (Lair:6)
  A gargoyle (D:14)
  3 black mambas
  Joseph (D:9)
  Psyche (D:9)
  18 cane toads
  4 rime drakes
  Maggie (D:7)
  2 efreet
  11 komodo dragons
  A yaktaur (D:15)
  A tengu conjurer (D:15)
  4 trolls
  A harpy zombie (D:15)
  A jumping spider (shapeshifter) (D:13)
  2 polar bears
  A wind drake (Lair:6)
  2 tyrant leeches (Swamp:1)
  Prince Ribbit (D:7)
  4 hornets
  4 dream sheep (Lair:5)
  13 blink frogs
  11 slime creatures
  Sigmund (D:6)
  A shadow (D:15)
  A redback (Gauntlet)
  42 yaks
  A spriggan (Swamp:1)
  2 wyverns
  9 wraiths
  5 basilisks
  12 fire bats (Volcano)
  Grum (D:8)
  Eustachio (D:4)
  A hog (shapeshifter) (D:14)
  A human (shapeshifter) (D:13)
  2 vampire mosquitoes (Swamp:1)
  A steam dragon (D:9)
  3 wargs
  Menkaure (D:5)
  An acid dragon (D:14)
  A soldier ant (D:13)
  5 swamp worms
  21 water moccasins
  The ghost of oc3rt the Bolt Thrower, an amateur KoHu of Hepliaklqana (D:5)
  2 hell hounds (Lair:2)
  3 ice beasts
  44 orc warriors
  2 black bears
  5 phantoms
  5 sky beasts
  10 ogres
  3 eyes of draining
  9 wolves
  7 centaurs
  A big kobold (D:14)
  21 bullfrogs
  2 wyvern zombies
  3 scorpions
  A water moccasin skeleton (D:7)
  18 wights
  14 killer bees
  6 lava snakes (Volcano)
  A centaur zombie (D:9)
  A quasit (D:9)
  4 hounds
  6 jellies
  A bullfrog zombie (D:9)
  5 centaur skeletons
  A wyvern simulacrum (D:8)
  24 orc priests
  Crazy Yiuf (D:2)
  7 bullfrog skeletons
  Ijyb (D:4)
  3 iguanas
  14 orc wizards
  7 hell rats (Lair:5)
  7 worker ants
  A killer bee simulacrum (D:8)
  A mummy (D:5)
  18 adders
  2 shadow imps
  8 white imps
  2 ufetubi (D:8)
  7 oozes
  An adder zombie (D:9)
  A dart slug (D:2)
  4 leopard geckos
  108 orcs
  4 giant cockroaches
  12 hobgoblins
  10 jackals
  12 quokkas
  2 ball pythons
  10 bats
  4 frilled lizards
  14 goblins
  15 kobolds
  A leopard gecko skeleton (D:4)
  A quokka skeleton (D:5)
  A quokka zombie (D:5)
  8 rats
814 creatures vanquished.

Vanquished Creatures (collateral kills)
  A steam dragon (Volcano)
  Edmund (D:5)
  Blork the orc (D:5)
  A bullfrog (D:7)
  An orc priest (Orc:2)
  9 orcs
  A giant cockroach (D:4)
15 creatures vanquished.

Vanquished Creatures (others)
  10 foxfires (Swamp:1)
  25 fulminant prisms
  41 fungi
  99 plants
175 creatures vanquished.

Grand Total: 1004 creatures vanquished

Table legend:
 A = Non-vault XP
 B = Vault XP
 C = Vault XP percentage of total XP
 D = Non-vault monster count
 E = Vault monster count
 F = Vault count percentage of total count
                 A         B        C        D         E       F
            +---------+---------+-------+---------+---------+-------
      Total |  102789 |   58204 |  36.2 |     550 |     279 |  33.7
            +---------+---------+-------+---------+---------+-------
        D:1 |      61 |       0 |   0.0 |      32 |       0 |   0.0
        D:2 |      54 |      40 |  42.6 |      17 |       1 |   5.6
        D:3 |     208 |       4 |   1.9 |      26 |       2 |   7.1
        D:4 |     656 |     214 |  24.6 |      35 |       2 |   5.4
        D:5 |     133 |     702 |  84.1 |      10 |      11 |  52.4
        D:6 |    1310 |     227 |  14.8 |      17 |       1 |   5.6
        D:7 |    1489 |     655 |  30.6 |      32 |       2 |   5.9
        D:8 |     809 |    2501 |  75.6 |      14 |      13 |  48.1
        D:9 |    1728 |    1750 |  50.3 |      29 |       3 |   9.4
       D:10 |    1595 |    2432 |  60.4 |      20 |      20 |  50.0
       D:11 |     344 |     814 |  70.3 |       3 |       1 |  25.0
       D:12 |    6442 |     519 |   7.5 |      24 |       5 |  17.2
       D:13 |    6644 |    1903 |  22.3 |      20 |      13 |  39.4
       D:14 |   10181 |       0 |   0.0 |      34 |       0 |   0.0
       D:15 |   12175 |    2968 |  19.6 |      28 |       3 |   9.7
     Lair:1 |    6036 |    1107 |  15.5 |      15 |       2 |  11.8
     Lair:2 |    5137 |     290 |   5.3 |      14 |       2 |  12.5
     Lair:3 |    6395 |    2888 |  31.1 |      26 |       5 |  16.1
     Lair:4 |    9858 |    1095 |  10.0 |      35 |       9 |  20.5
     Lair:5 |    9659 |     788 |   7.5 |      35 |       9 |  20.5
     Lair:6 |    5912 |    9787 |  62.3 |      14 |      26 |  65.0
    Swamp:1 |   10716 |       0 |   0.0 |      20 |       0 |   0.0
      Orc:1 |    4100 |       0 |   0.0 |      27 |       0 |   0.0
      Orc:2 |    1147 |   15562 |  93.1 |      23 |      75 |  76.5
     Bailey |       0 |    2524 | 100.0 |       0 |      40 | 100.0
    Volcano |       0 |    5268 | 100.0 |       0 |      23 | 100.0
   Gauntlet |       0 |    4166 | 100.0 |       0 |      11 | 100.0
            +---------+---------+-------+---------+---------+-------

Illustrated notes

Table legend:
 A = Kills in this place as a percentage of kills in entire the game.
 B = Kills by you in this place as a percentage of kills by you in the entire game.
 C = Kills by friends in this place as a percentage of kills by friends in the entire game.
 D = Other kills in this place as a percentage of other kills in the entire game.
 E = Experience gained in this place as a percentage of experience gained in the entire game.
 F = Experience gained in this place divided by the number of levels of this place that you have seen.
                   A       B       C       D       E      F
               +-------+-------+-------+-------+-------+----------------------
         Total | 100.0 | 100.0 | 100.0 | 100.0 | 100.0 | 5749.8
       Dungeon |  50.4 |  51.5 |  40.0 |   6.2 |  36.4 | 3903.9
          Lair |  23.2 |  23.2 |   0.0 |  43.8 |  36.6 | 9825.3
         Swamp |   2.4 |   2.5 |   0.0 |   0.0 |   6.7 | 5358.0
  Orcish Mines |  15.1 |  14.2 |  53.3 |  25.0 |  12.9 | 10404.5
        Bailey |   4.8 |   4.5 |   0.0 |  25.0 |   1.6 | 2524.0
       Volcano |   2.8 |   2.8 |   6.7 |   0.0 |   3.3 | 5268.0
      Gauntlet |   1.3 |   1.4 |   0.0 |   0.0 |   2.6 | 4166.0
               +-------+-------+-------+-------+-------+----------------------

Table legend: (Time is in decaauts)
 A = Elapsed time spent in this place.
 B = Non-inter-level travel time spent in this place.
 C = Inter-level travel time spent in this place.
 D = Time resting spent in this place.
 E = Time spent auto-exploring this place.
 F = Levels seen in this place.
 G = Mean time per level.
                   A        B        C        D        E       F      G
               +--------+--------+--------+--------+--------+-----+--------+
         Total |  43261 |  40553 |   2708 |    578 |  32826 |  28 | 1545.0 |
       Dungeon |  21274 |  19900 |   1374 |    294 |  16436 |  15 | 1418.3 |
          Lair |  12865 |  11899 |    966 |    184 |   9746 |   6 | 2144.2 |
         Swamp |   1236 |   1201 |     35 |      0 |    908 |   2 |  618.0 |
  Orcish Mines |   5092 |   4760 |    332 |    100 |   3695 |   2 | 2546.0 |
        Bailey |    715 |    715 |      0 |      0 |    499 |   1 |  715.0 |
       Volcano |    968 |    968 |      0 |      0 |    676 |   1 |  968.0 |
      Gauntlet |   1108 |   1108 |      0 |      0 |    865 |   1 | 1108.0 |
               +--------+--------+--------+--------+--------+-----+--------+

Top non-repeatable levels by time:
   Orc:1: 2781 daAuts
  Lair:6: 2625 daAuts
  Lair:2: 2385 daAuts
   Orc:2: 2310 daAuts
  Lair:5: 2175 daAuts
  Lair:3: 2164 daAuts
  Lair:4: 2067 daAuts
    D:10: 1920 daAuts
    D:14: 1771 daAuts
     D:7: 1710 daAuts
     D:2: 1673 daAuts
     D:8: 1647 daAuts
    D:13: 1574 daAuts
    D:15: 1565 daAuts
  Lair:1: 1447 daAuts
